 Dungeon Crawl Stone Soup version 0.20-a0-270-g8e735b6 (webtiles) character file.

16090 snakesoul the Bludgeoner (level 12, -4/123 HPs)
             Began as a Gargoyle Berserker on Dec 10, 2016.
             Was the Champion of Trog.
             Slain by a slime creature (5 damage)
             ... on level 12 of the Dungeon.
             The game lasted 00:21:35 (11943 turns).

snakesoul the Bludgeoner (Gargoyle Berserker)      Turns: 11943, Time: 00:21:35

Health: -4/123     AC: 21    Str: 27    XL:     12   Next: 33%
Magic:  12/12      EV:  9    Int:  8    God:    Trog [******]
Gold:   645        SH:  0    Dex: 13    Spells: 11/11 levels left

rFire  . . .     SeeInvis .     T - +3 dire flail (crush)
rCold  . . .     Gourm    .     l - +0 chain mail
rNeg   + . .     Faith    +     (shield currently unavailable)
rPois  ∞         Spirit   .     (no helmet)
rElec  +         Reflect  .     E - +1 cloak {rPois}
rCorr  +         Harm     .     (no gloves)
MR     +....                    (no boots)
Stlth  ..........               d - amulet of faith
                                R - ring of protection from magic
                                p - ring of resist corrosion

@: berserking, very quick
A: negative energy resistance 1, electricity resistance, unbreathing,
petrification resistance, rot immunity, AC +8
a: Berserk, Trog's Hand, Brothers in Arms, Burn Spellbooks, Renounce Religion


You were on level 12 of the Dungeon.
You worshipped Trog.
Trog was exalted by your worship.
You were very hungry.

You visited 1 branch of the dungeon, and saw 12 of its levels.

You collected 645 gold pieces.

Inventory:

Hand Weapons
 y - a +4 flail of freezing
 T - a +3 dire flail of crushing (weapon)
Missiles
 w - 10 tomahawks
 z - 7 steel javelins (quivered)
 Y - 3 javelins of returning
Armour
 l - a +0 chain mail (worn)
 r - a +0 shield
 E - a +1 cloak of poison resistance (worn)
Rods
 W - a +1 rod of ignition (12/12)
   (You found it on level 11 of the Dungeon)
Jewellery
 d - an amulet of faith (around neck)
 i - a +5 amulet of reflection
 p - a ring of resist corrosion (left hand)
 R - a ring of protection from magic (right hand)
 Z - an uncursed ring of positive energy {unknown}
Wands
 n - a wand of disintegration (24/24)
 D - a wand of disintegration (14/24)
 H - a wand of flame (21/48)
 K - a wand of random effects (27/48)
 L - a wand of random effects (14/48)
 M - a wand of enslavement (8/24)
 V - a wand of iceblast (7/15)
 X - a wand of lightning (3/15)
Scrolls
 g - 7 scrolls of identify
 j - 4 scrolls of remove curse
 k - 2 scrolls of enchant weapon {unknown}
 m - 5 scrolls of blinking {unknown}
 o - a scroll of recharging
 q - a scroll of fear {unknown}
 s - 2 scrolls of random uselessness {unknown}
 J - a scroll of fog {unknown}
 N - a scroll of magic mapping
 O - a scroll of amnesia {unknown}
 P - 2 scrolls of teleportation {unknown}
Potions
 b - 3 potions of curing {unknown}
 e - 3 potions of degeneration
 f - a potion of mutation {unknown}
 h - 2 potions of berserk rage {unknown}
 u - 3 potions of brilliance {unknown}
 v - 3 potions of resistance
 A - a potion of flight {unknown}
 B - 5 potions of agility {unknown}
 F - 2 potions of magic {unknown}
 G - 2 potions of might {unknown}
 I - a potion of haste {unknown}
 Q - a potion of cure mutation {unknown}
Comestibles
 a - 4 meat rations
 c - 7 bread rations
 t - 3 fruits
 x - a royal jelly
 C - 4 beef jerkies
 U - 9 slices of pizza


   Skills:
 + Level 12.5 Fighting
 + Level 15.0 Maces & Flails
 + Level 5.9 Armour
 - Level 1.5 Dodging


You had 11 spell levels left.
You didn't know any spells.

Dungeon Overview and Level Annotations

Branches:
Dungeon (12/15)            Temple (0/1) D:5            Lair (0/6) D:11
    Orc (0/2) D:10

Altars:
Elyvilon
Makhleb
Okawaru
Trog
Zin

Shops:
D:10 =


Innate Abilities, Weirdness & Mutations

You are resistant to torment.
Your stone body is resilient. (AC +8)
You are immune to poison.
You resist negative energy. (rN+)
You are resistant to electric shocks. (rElec)
You can survive without breathing.
You are immune to petrification.
You are immune to rotting.


Message History

* * * LOW HITPOINT WARNING * * *
You beat the large slime creature like a drum!!!
The large slime creature is almost dead.
The slime creature closely misses you.
You impale the large slime creature!!
You kill the large slime creature!
Trog accepts your kill.
A large slime creature splits.
The slime creature hits you.
* * * LOW HITPOINT WARNING * * *
You are too injured to fight recklessly!
You bludgeon the slime creature!!
You feel the power of Trog in you as your rage grows.
You kill the slime creature!
Trog accepts your kill. The slime creature hits you.
* * * LOW HITPOINT WARNING * * *
You bludgeon the slime creature!!
The slime creature is almost dead.
The slime creature hits you.
You die...

..........#
...........#
...........#
..........###### .
#.............. #
#.............. #
######.....JJ.......
#
............@J......
#
..........#'###....
# .........#.. . #
#.......#... #
#.......#...# #
#.......#...# #
#.......#...# #
#.......#...#
...#####
######.......#####.
........


You could see 3 slime creatures.

Vanquished Creatures
  Josephine (D:10)
  Sonja (D:12)
  An unseen horror (D:10)
  Pikel (D:8)
  An ugly thing (D:11)
  2 slime creatures (D:12)
  Maurice (D:8)
  A centaur zombie (D:12)
  Psyche (D:8)
  A gargoyle (D:10)
  A komodo dragon (D:6)
  2 trolls
  3 hornets
  2 hippogriffs
  6 wraiths
  15 yaks
  2 basilisks (D:11)
  An acid dragon (D:12)
  A soldier ant (D:11)
  A water moccasin (D:10)
  4 orc warriors
  3 slaves (D:8)
  A black bear (D:10)
  5 ice beasts
  5 sky beasts
  A hornet zombie (D:11)
  A necrophage (D:6)
  An eye of draining (D:10)
  2 phantoms
  4 ogres
  4 centaurs
  A big kobold (D:12)
  11 bullfrogs
  6 scorpions
  27 killer bees
  A howler monkey (D:5)
  10 wights
  A vampire bat (D:3)
  3 crimson imps
  A quasit (D:7)
  A bullfrog zombie (D:7)
  5 hounds
  2 orc priests
  2 jellies (D:8)
  2 centaur skeletons
  2 iguanas
  5 orc wizards
  2 worker ants
  3 hound skeletons
  2 worker ant zombies
  11 gnolls
  3 howler monkey skeletons
  13 adders
  3 adder skeletons (D:4)
  An adder zombie (D:7)
  2 worms
  3 fire bats (D:3)
  4 leopard geckos
  24 orcs
  2 spectral bats (D:3)
  A ball python (D:2)
  3 bat skeletons (D:3)
  A bat zombie (D:3)
  6 giant cockroaches
  9 goblins
  9 hobgoblins
  13 jackals
  14 kobolds
  3 quokkas
  12 bats
  A bat simulacrum (D:3)
  5 frilled lizards
  10 rats
316 creatures vanquished.

Notes
Turn   | Place    | Note
-------+----------+-------------------------------------------
     0 | D:1      | snakesoul the Gargoyle Berserker began the quest for the Orb.
     0 | D:1      | Reached XP level 1. HP: 14/14 MP: 1/1
   204 | D:1      | Reached XP level 2. HP: 19/19 MP: 2/2
   368 | D:1      | Reached XP level 3. HP: 18/24 MP: 3/3
   603 | D:1      | Reached skill level 4 in Maces & Flails
   836 | D:2      | Reached ** piety under Trog
   952 | D:2      | Reached XP level 4. HP: 26/29 MP: 4/4
  1558 | D:3      | Reached skill level 5 in Maces & Flails
  1558 | D:3      | Reached XP level 5. HP: 31/34 MP: 5/5
  1980 | D:3      | Reached *** piety under Trog
  2155 | D:3      | Reached skill level 5 in Fighting
  2155 | D:3      | Reached XP level 6. HP: 40/40 MP: 6/6
  2261 | D:3      | Reached skill level 6 in Maces & Flails
  2614 | D:4      | Found an iron altar of Okawaru.
  2614 | D:4      | Found a burning altar of Makhleb.
  2690 | D:4      | Reached XP level 7. HP: 7/44 MP: 7/7
  3114 | D:4      | Reached **** piety under Trog
  3509 | D:5      | Entered Level 5 of the Dungeon
  3515 | D:5      | Reached skill level 7 in Maces & Flails
  3608 | D:5      | Found a staircase to the Ecumenical Temple.
  3630 | D:5      | Found a white marble altar of Elyvilon.
  4081 | D:5      | Reached XP level 8. HP: 29/51 MP: 8/8
  4306 | D:5      | Reached skill level 8 in Maces & Flails
  4691 | D:6      | Received a gift from Trog
  4691 | D:6      | Reached skill level 9 in Maces & Flails
  4750 | D:6      | Noticed a komodo dragon
  4756 | D:6      | Killed a komodo dragon
  4876 | D:6      | Reached XP level 9. HP: 57/57 MP: 9/9
  5066 | D:6      | Reached skill level 10 in Maces & Flails
  5986 | D:7      | Got a silken robe
  5988 | D:7      | Identified the +2 robe of Instinct {+Fly rPois Dex-5} (You found it on level 7 of the Dungeon)
  6107 | D:7      | Noticed a hornet
  6113 | D:7      | Killed a hornet
  6113 | D:7      | Reached skill level 11 in Maces & Flails
  6452 | D:7      | Found a bloodstained altar of Trog.
  6452 | D:7      | Found a glowing silver altar of Zin.
  6540 | D:8      | Noticed a hornet
  6542 | D:8      | Reached ***** piety under Trog
  6552 | D:8      | Killed a hornet
  6552 | D:8      | Reached XP level 10. HP: 42/66 MP: 10/10
  6701 | D:8      | Noticed Pikel
  6734 | D:8      | Killed Pikel
  6734 | D:8      | Reached skill level 12 in Maces & Flails
  6879 | D:8      | Noticed Maurice
  6894 | D:8      | Killed Maurice
  7256 | D:8      | Noticed Psyche
  7264 | D:8      | Killed Psyche
  7264 | D:8      | Reached skill level 10 in Fighting
  8137 | D:9      | Reached skill level 13 in Maces & Flails
  8568 | D:9      | Reached XP level 11. HP: 66/73 MP: 11/11
  8769 | D:10     | Entered Level 10 of the Dungeon
  9349 | D:10     | Found Bykiesav's Jewellery Boutique.
  9355 | D:10     | Found a staircase to the Orcish Mines.
  9360 | D:10     | Noticed Josephine
  9381 | D:10     | Killed Josephine
  9381 | D:10     | Reached skill level 14 in Maces & Flails
  9813 | D:10     | Killed an unseen horror
 10198 | D:10     | Received a gift from Trog
 10855 | D:11     | Found a staircase to the Lair.
 11052 | D:11     | Noticed a cyan ugly thing
 11061 | D:11     | Killed a cyan ugly thing
 11061 | D:11     | Reached XP level 12. HP: 72/81 MP: 12/12
 11394 | D:12     | Reached skill level 5 in Armour
 11680 | D:12     | Noticed Sonja
 11690 | D:12     | Killed Sonja
 11772 | D:12     | Reached ****** piety under Trog
 11776 | D:12     | Received a gift from Trog
 11924 | D:12     | Reached skill level 15 in Maces & Flails
 11939 | D:12     | HP: 3/123 [slime creature (11)]
 11942 | D:12     | HP: 1/123 [slime creature (1)]
 11943 | D:12     | Slain by a slime creature

Vault maps used:
D:1:      eino_arrival_water_star, minmay_tiny_reverse_x
D:2:      first_bread
D:3:      goddamned_bats
D:4:      grunt_temple_overflow_open
D:5:      old_standard_altar
D:7:      gammafunk_temple_overflow_pools
D:8:      uniq_pikel, uniq_psyche, uniq_maurice
D:10:     orc_0_dummy, serial_shops, kennysheep_mini, uniq_josephine
D:11:     david_lair_generic, grunt_pizzeria, item_on_display_a
D:12:     uniq_sonja

Skill      XL: |  1  2  3  4  5  6  7  8  9 10 11 12 |
---------------+-------------------------------------+-----
Maces & Flails | 4 5 6 7 9 11 13 14 15 | 15.0
Fighting       | 4 5 6 7 9 10 12 | 12.5
Armour         | 4 5 |  5.9
Dodging        | |  1.5

Action                   |  1- 3 |  4- 6 |  7- 9 | 10-12 || total
-------------------------+-------+-------+-------+-------++-------
Melee: Mace              |   111 |   113 |       |       ||   224
       Flail             |       |   127 |   402 |   363 ||   892
       Dire flail        |       |       |       |   198 ||   198
Invok: Berserk           |       |     5 |     2 |    11 ||    18
  Use: Scroll            |       |     5 |     2 |     3 ||    10
       Potion            |       |       |       |     2 ||     2
 Stab: Sleeping          |     1 |       |       |       ||     1
  Eat: Chunk             |       |    10 |    16 |    17 ||    43
       Bread ration      |       |       |       |     2 ||     2
Armor: Animal skin       |    18 |       |       |       ||    18
       Chain mail        |    34 |   275 |   237 |   319 ||   865
Dodge: Dodged            |    58 |   171 |   125 |   179 ||   533
